 Dungeon Crawl Stone Soup version 0.29-a0-362-g5854e031c7 (webtiles) character file.

Game seed: 9968890058821182122

29 spaghetti the Skirmisher (level 3, -8/29 HPs)
             Began as a Formicid Abyssal Knight on Apr 29, 2022.
             Was a Believer of Lugonu.
             Mangled by Sigmund
             ... wielding a +0 scythe
              (10 damage)
             ... on level 2 of the Dungeon.
             The game lasted 00:03:53 (1209 turns).

spaghetti the Skirmisher (Formicid Abyssal Knight)  Turns: 1209, Time: 00:03:53

Health: -8/29      AC:  3    Str: 17 (19) XL:     3   Next: 32%
Magic:  4/4        EV: 11    Int:  8 (9)  God:    Lugonu [**....]
Gold:   86         SH:  0    Dex:  8 (11) Spells: 2/2 levels left

rFire   . . .      SeeInvis +   a - +1 hand axe {axe}
rCold   . . .      Faith    .   (no shield)
rNeg    . . .      Spirit   .   b - +0 leather armour
rPois   .          Reflect  .   (helmet unavailable)
rElec   .          Harm     .   (no cloak)
rCorr   .          Rampage  .   (no gloves)
Will    .....                   (no boots)
Stlth   ..........              (no amulet)
HPRegen 0.09/turn               (no ring)
MPRegen 0.09/turn               (no ring)

@: confused
A: permanent stasis, dig shafts and tunnels, antennae 3, four strong arms
a: Dig, Shaft Self, Renounce Religion, Depart the Abyss, Bend Space


You were on level 2 of the Dungeon.
You worshipped Lugonu.
Lugonu was pleased with you.
You visited 1 branch of the dungeon, and saw 2 of its levels.
You visited the Abyss 1 time.

You collected 86 gold pieces.


Innate Abilities, Weirdness & Mutations

You cannot be hasted, slowed, berserked, paralysed or teleported.
You can dig through walls and to a lower floor.
You have a pair of large antennae on your head. (SInv)
Your four strong arms can wield two-handed weapons with a shield.


   Skills:
 + Level 3.5 Fighting
 - Level 2.0 Axes
 * Level 2.9 Armour
 + Level 1.2 Dodging
 + Level 0.9 Shields
 + Level 2.6 Invocations


You had 2 spell levels left.
You didn't know any spells.
Your spell library contained the following spells:

 Spells                   Type           Power      Damage    Failure   Level
 Conjure Ball Lightning   Conj/Air       0%         3x3d6     100%        6
 Discord                  Hex            0%         N/A       100%        8
 Disjunction              Tloc           0%         N/A       100%        8

Inventory:

Hand Weapons
 a - a +1 hand axe (weapon) {axe}
Missiles
 c - 12 stones (quivered) {throwing}
Armour
 b - a +0 leather armour (worn)
Magical Staves
 d - a staff of death {!astaff}
   (You found it on level 1 of the Dungeon)

Dungeon Overview and Level Annotations

Branches:
Dungeon (2/15)

Altars:

Annotations:
D:2 Sigmund

#####.#.....##.#...#
#####.#.###.##.#...#
(.....#.#{#....#...#
.....##.. #..###...#
.....######..# #.(.#
.....+=.)....###...#
(..$.#######..##...#
(....# ##.##...###
.....########..@@....#
.....................#
....................?#
...............##+####
...|.#########.# #.#
#.. ##.# .#


You could see Sigmund.


Message History

There was something very wrong with that liquid.
You feel weakened.
You feel dopey.
You feel clumsy.
You closely miss Sigmund. Sigmund hits you but does no damage.
Okay, then.
You aren't carrying any items that you can evoke.
As you read the scroll labelled HODETTULUF, it crumbles to dust.
You assume a fearsome visage.
Sigmund looks frightened!
It was a scroll of fear.
You aren't carrying any items that you can evoke. 😨 HP[+1]
You open the door.
A goblin comes into view. It is wielding a +0 club.
The goblin shouts!
There is an open door here.
You see here a ring of willpower.
You close the door.
You hit the goblin. The goblin closely misses you.
You barely miss the goblin. Your punch misses the goblin.
The goblin misses you.
You closely miss the goblin. The goblin hits you with a +0 club.
* * * LOW HITPOINT WARNING * * *
😨 HP[-2]
You take 2 damage, and now have 9/29 hp.
You slash the goblin!
You kill the goblin!
Lugonu accepts your kill.
Unknown command.
Things that are here:
a +0 club {mace}; a goblin corpse; 😨 HP[+1]
You start resting.
A giant cockroach comes into view. 😨 HP[+1]
The giant cockroach bites you but does no damage.
You barely miss the giant cockroach. The giant cockroach bites you.
* * * LOW HITPOINT WARNING * * *
😨 HP[-1]
You take 1 damage, and now have 10/29 hp.
You completely miss the giant cockroach.
Your punch misses the giant cockroach.
The giant cockroach bites you but does no damage.
The giant cockroach closely misses you.
You hit the giant cockroach. The giant cockroach bites you.
* * * LOW HITPOINT WARNING * * *
😨 HP[-2]
You take 2 damage, and now have 8/29 hp.
You slash the giant cockroach!
You kill the giant cockroach!
Lugonu accepts your kill.
Unknown command.
Unknown command.
A rat comes into view. 😨 HP[+1]
You hit the rat.
You kill the rat!
Lugonu accepts your kill.
You start resting.
Sigmund is nearby! 😮 HP[+8]
You regained 8 hp, and now have 17/29 hp.
You start resting.
Sigmund is nearby! 😮 HP[+1] Sigmund shouts!
Sigmund closely misses you.
You hit Sigmund. Sigmund hits you with a +0 scythe!
* * * LOW HITPOINT WARNING * * *
😨 HP[-10]
You take 10 damage, and now have 8/29 hp.
MASSIVE DAMAGE!! (PAUSE) Unknown command.
You aren't carrying any potions.
You slash Sigmund! You closely miss Sigmund. Sigmund hits you with a +0 scythe.
* * * LOW HITPOINT WARNING * * *
😱 HP[-1]
You take 1 damage, and now have 7/29 hp.
You aren't carrying any items that you can evoke.
As you read the scroll labelled LAAWOG UCHYR, it crumbles to dust.
It is a scroll of identify.
You don't have any unidentified items.
Sigmund closely misses you.
You hit Sigmund. Sigmund barely misses you.
You aren't carrying any items that you can evoke.
You slash Sigmund! You hit Sigmund. Sigmund hits you with a +0 scythe.
* * * LOW HITPOINT WARNING * * *
😱 HP[-6]
You take 6 damage, and now have 1/29 hp.
MASSIVE DAMAGE!! (PAUSE) Unknown command.
Unknown command.
You hit Sigmund.
Sigmund points at you and mumbles some strange words.
You are confused. 😱 HP[+1] Unknown command.
Unknown command.
You aren't carrying any potions.
Sigmund hits you with a +0 scythe!
You die...

Skill      XL: |  1 |
---------------+----+-----
Dodging        | 1 |  1.2
Fighting       | |  3.5
Axes           | |  2.0
Armour         | |  2.9
Shields        | |  0.9
Invocations    | |  2.6

Action                   || total
-------------------------++-------
Melee: Hand axe          ||    59
Throw: Stone             ||    46
  Use: Scroll            ||     2
       Potion            ||     1
Armor: Leather armour    ||    16
Dodge: Dodged            ||    27

Levels and vault maps discovered:
D:1:      dpeg_arrival_pond, layout_basic, basic_ecumenical_altar
D:2:      layout_basic, minmay_pentomino_x4, uniq_sigmund

Notes
Turn   | Place    | Note
-------+----------+-------------------------------------------
     0 | Abyss:1  | spaghetti the Formicid Abyssal Knight began the quest for
                  | the Orb.
     0 | Abyss:1  | Reached XP level 1. HP: 18/18 MP: 2/2
     0 | Abyss:1  | magus.rc [v1.9.6]
    10 | D:1      | You pass through the gate.
    10 | D:1      | Escaped the Abyss
   102 | D:1      | Reached skill level 1 in Dodging
   157 | D:1      | Reached XP level 2. HP: 22/24 MP: 3/3
   245 | D:1      | Found a faded altar of an unknown god.
   954 | D:2      | Reached XP level 3. HP: 29/29 MP: 4/4
   977 | D:2      | You pick up a book of Chaos and begin reading...
   977 | D:2      | You add the spells Conjure Ball Lightning, Disjunction and
                  | Discord to your library.
  1052 | D:2      | Noticed Sigmund
  1203 | D:2      | HP: 7/29 [Sigmund/+0 scythe (1)]
  1207 | D:2      | HP: 1/29 [Sigmund/+0 scythe (6)]
  1209 | D:2      | Mangled by Sigmund

Vanquished Creatures
  A dart slug (D:1)
  A ball python (D:1)
  A bat (D:2)
  2 endoplasms
  3 giant cockroaches
  2 goblins (D:2)
  5 hobgoblins
  4 frilled lizards
  2 kobolds (D:2)
  4 rats
25 creatures vanquished.

Table legend:
 A = Non-vault XP
 B = Vault XP
 C = Vault XP percentage of total XP
 D = Non-vault monster count
 E = Vault monster count
 F = Vault count percentage of total count
                 A         B        C        D         E       F
            +---------+---------+-------+---------+---------+-------
      Total |      40 |       2 |   4.8 |      23 |       2 |   8.0
            +---------+---------+-------+---------+---------+-------
        D:1 |      22 |       2 |   8.3 |      11 |       2 |  15.4
        D:2 |      18 |       0 |   0.0 |      12 |       0 |   0.0
            +---------+---------+-------+---------+---------+-------

Illustrated notes

Table legend:
 A = Kills in this place as a percentage of kills in entire the game.
 B = Kills by you in this place as a percentage of kills by you in the entire game.
 C = Kills by friends in this place as a percentage of kills by friends in the entire game.
 D = Other kills in this place as a percentage of other kills in the entire game.
 E = Experience gained in this place as a percentage of experience gained in the entire game.
 F = Experience gained in this place divided by the number of levels of this place that you have seen.
                   A       B       C       D       E      F
               +-------+-------+-------+-------+-------+----------------------
         Total | 100.0 | 100.0 |   N/A |   N/A | 100.0 |  14.0
       Dungeon | 100.0 | 100.0 |   N/A |   N/A | 100.0 |  21.0
               +-------+-------+-------+-------+-------+----------------------

Table legend: (Time is in decaauts)
 A = Elapsed time spent in this place.
 B = Non-inter-level travel time spent in this place.
 C = Inter-level travel time spent in this place.
 D = Time resting spent in this place.
 E = Time spent auto-exploring this place.
 F = Levels seen in this place.
 G = Mean time per level.
                   A        B        C        D        E       F      G
               +--------+--------+--------+--------+--------+-----+--------+
         Total |   1225 |   1145 |     80 |    102 |    808 |   3 |  408.3 |
       Dungeon |   1215 |   1135 |     80 |    102 |    802 |   2 |  607.5 |
         Abyss |     10 |     10 |      0 |      0 |      6 |   1 |   10.0 |
               +--------+--------+--------+--------+--------+-----+--------+

Top non-repeatable levels by time:
     D:1: 903 daAuts
     D:2: 312 daAuts
 Abyss:1: 10 daAuts
